 Dungeon Crawl Stone Soup version 0.27.1 (webtiles) character file.

Game seed: 17428548722366585508

6 Malachi the Poker (level 1, -1/17 HPs)
             Began as a Ghoul Gladiator on Aug 21, 2021.
             Slain by Natasha (7 damage)
             ... on level 2 of the Dungeon.
             The game lasted 00:00:37 (535 turns).

Malachi the Poker (Ghoul Gladiator)                  Turns: 535, Time: 00:00:38

Health: -1/17      AC:  4    Str: 17    XL:     1   Next: 90%
Magic:  0/0        EV: 12    Int:  3    God:
Gold:   35         SH:  0    Dex: 10    Spells: 0/0 levels left

rFire    . . .     SeeInvis .   a - +0 trident
rCold    + . .     Faith    .   (no shield)
rNeg     + + +     Spirit   .   b - +0 leather armour
rPois    ∞         Reflect  .   c - +0 helmet
rElec    .         Harm     .   (no cloak)
rCorr    .         Rampage  .   (no gloves)
Will     .....                  (no boots)
Stlth    +.........             (no amulet)
HPRegen  0.00/turn              (no ring)
MPRegen  0.07/turn              (no ring)

@: inhibited regen, slowed, very slow
A: claws 1, cold resistance 1, negative energy resistance 3, inhibited
regeneration, torment resistance 2
a: no special abilities


You were on level 2 of the Dungeon.
You visited 1 branch of the dungeon, and saw 2 of its levels.

You collected 35 gold pieces.

Inventory:

Hand Weapons
 a - a +0 trident (weapon)
Missiles
 d - 3 throwing nets (quivered)
Armour
 b - a +0 leather armour (worn)
 c - a +0 helmet (worn)
Scrolls
 e - a scroll of fear {unknown}
 f - a scroll of magic mapping {unknown}
 g - a scroll of acquirement {unknown}
 j - a scroll of teleportation {unknown}
Potions
 h - a potion of curing {unknown}
 i - a potion of might {unknown}


   Skills:
 + Level 2.2 Fighting
 + Level 2.9 Polearms
 + Level 1.8 Throwing
 + Level 2.8 Dodging


You couldn't memorise any spells.
You didn't know any spells.
Your spell library contained the following spells:

 Spells                   Type           Power      Damage    Failure   Level
 Gell's Gravitas          Tloc           0%         N/A       92%         3
 Teleport Other           Tloc           0%         N/A       92%         3
 Dispersal                Tloc           0%         N/A       100%        6


Dungeon Overview and Level Annotations

Branches:
Dungeon (2/15)

Altars:

Shops:
D:1 (

Annotations:
D:2 Natasha


Innate Abilities, Weirdness & Mutations

You thrive by killing the living.
You are immune to poison.
You have sharp fingernails.
Your flesh is cold resistant. (rC+)
You are immune to negative energy. (rN+++)
You do not regenerate when monsters are visible.
You are immune to unholy pain and torment.


Message History

Done exploring.
Done exploring.
No target in view!
Done exploring.
Done exploring.
Done exploring.
Done exploring.
There is a stone staircase leading down here.
Done exploring.
Done exploring.
Done exploring.
Done exploring.
Done exploring.
Done exploring.
You climb downwards.
There is a stone staircase leading up here.
Unknown command.
Found a stone staircase leading down.
A frilled lizard and Natasha come into view.
The frilled lizard hisses angrily.
Natasha casts a spell at you. The magic dart hits you.
A kobold comes into view. It is wielding a +0 dagger.
There are monsters nearby!
There are monsters nearby!
Natasha stares at you and mumbles some strange words.
You resist with significant effort.
There is a stone staircase leading up here.
Natasha mewls in sadness.
You barely miss Natasha. Natasha barely misses you. Natasha claws you.
You closely miss Natasha.
Natasha stares at you and mumbles some strange words.
You feel yourself slow down.
You barely miss Natasha. Natasha claws you. The frilled lizard bites you.
Natasha claws you.
There is a stone staircase leading up here.
You puncture Natasha!
Natasha is heavily wounded.
Natasha claws you!
You die...

#.#. #...# #....
#.... #....#
#.....##
#......#######..
#....lh@.......
#..#.########..
... ... . .....
##.... .>....
.....l. ......K


You could see Natasha and a frilled lizard.

Vanquished Creatures
  An endoplasm (D:1)
  A giant cockroach (D:1)
  A goblin (D:1)
  2 frilled lizards (D:1)
  A rat (D:1)
6 creatures vanquished.

Notes
Turn   | Place    | Note
-------+----------+-------------------------------------------
     0 | D:1      | Malachi the Ghoul Gladiator began the quest for the Orb.
     0 | D:1      | Reached XP level 1. HP: 17/17 MP: 0/0
   319 | D:1      | Found Voinoeno's Antique Weapon Boutique.
   526 | D:2      | Noticed Natasha
   535 | D:2      | Slain by Natasha

Illustrated notes

Levels and vault maps discovered:
D:1:      grunt_arrival_lava_bath, layout_basic, serial_shops, shop
D:2:      minmay_evil_eye, layout_rooms, uniq_sigmund, uniq_jessica,
          uniq_natasha

Action                   || total
-------------------------++-------
Melee: Trident           ||    20
Armor: Leather armour    ||     4
Dodge: Dodged            ||     7
